Map: Terraform LE (Void)

Players

ReDBeTraYaL

  • Race: Terran Terran
  • League: Platinum

KaizKaiz - Winner!

  • Race: Protoss Protoss
  • League: Platinum

VOD

Have the link to the VOD?

Description

Time

  • Played on: July 24, 2015, 6:17 a.m.
  • Length: 11:12
Show
View Real Time Build Order
Export as new Build Order

ReDBeTraYaL Terran 

Build Orders:  

Get SALT Encoding   

  12  0:01  SCV  
  13  0:13  SCV  
  14  0:18  Supply Depot  
  14  0:25  SCV  
  15  0:39  SCV  
  15  0:40  Barracks  
  16  0:45  Refinery  
  16  0:51  SCV  
  17  1:04  SCV  
  18  1:16  SCV  
  19  1:27  Marine  
  19  1:28  Orbital Command  
  20  1:34  Supply Depot, Bunker  
  20  1:53  Barracks Reactor  
  20  1:55  Engineering Bay  
  20  1:56  SCV  
  20  2:13  Barracks Tech Lab  
  20  2:18  SCV, Ghost Academy  
  21  2:29  Command Center  
  21  2:32  SCV  
  22  2:45  Refinery  
  22  2:46  SCV  
  22  2:51  Ghost  
  23  2:56  Supply Depot  
  25  3:00  SCV  
  26  3:06  Engineering Bay  
  26  3:12  SCV  
  27  3:19  Supply Depot  
  27  3:21  Ghost  
  29  3:33  Missile Turret  
  29  3:48  Barracks  
  29  3:50  Ghost  
  29  3:51  SCV  
  32  3:59  Orbital Command  
  32  4:09  Missile Turret  
  32  4:10  SCV  
  32  4:15  Terran Infantry Weapons Level 1  
  33  4:20  Orbital Command  
  33  4:24  Ghost  
  35  4:36  SCV  
  35  4:37  Barracks Tech Lab  
  36  4:45  Missile Turret  
  36  4:46  Factory  
  36  4:48  SCV  
  36  4:49  SCV  
  38  5:00  SCV  
  38  5:01  SCV  
  36  5:29  SCV x2  
  36  5:30  Ghost x2  
  36  5:33  Factory Reactor  
  36  5:34  Starport  
  40  5:36  Refinery  
  40  5:37  Refinery  
  40  5:41  SCV x2  
  42  5:53  SCV x2  
  44  6:06  SCV x2  
  44  6:07  Ghost x2  
  48  6:15  Command Center  
  48  6:20  SCV x2  
  50  6:27  Medivac  
  50  6:29  Medivac  
  50  6:32  SCV x2  
  56  6:40  Ghost  
  58  6:47  Barracks  
  58  6:48  SCV x2  
  58  6:50  Supply Depot  
  58  6:51  Barracks  
  58  6:52  Supply Depot, Barracks  
  60  7:01  Ghost  
  62  7:08  Stimpack  
  62  7:11  Ghost  
  62  7:12  SCV x2  
  62  7:13  Supply Depot  
  66  7:16  Terran Infantry Armor Level 1  
  66  7:24  SCV  
  67  7:30  Orbital Command, Medivac  
  67  7:32  SCV  
  67  7:35  Supply Depot x2  
  67  7:36  SCV  
  71  7:57  SCV x2  
  74  8:01  Barracks Tech Lab  
  74  8:02  Barracks Reactor  
  74  8:03  Barracks Reactor  
  74  8:05  Orbital Command  
  73  8:06  Factory Reactor  
  73  8:07  Viking x2  
  73  8:10  Starport  
  77  8:29  Marauder x3  
  77  8:33  SCV x2  
  85  8:37  SCV, Viking x2  
  90  8:44  Engineering Bay  
  90  8:45  Armory, SCV x2  
  89  8:49  SCV  
  87  8:57  SCV  
  85  9:03  Ghost x2, Marine x3  
  85  9:04  Marine x2  
  88  9:16  SCV x3  
  89  9:21  Marine  
  89  9:22  Ghost  
  89  9:23  Marine x3  
  95  9:28  SCV x3  
  98  9:31  Ghost  
  98  9:32  Marine  
  98  9:34  Personal Cloaking  
  101  9:39  Refinery, Marine  
  101  9:40  SCV x2, Refinery  
  101  9:41  SCV  
  105  9:51  Ghost  
  105  9:52  Ghost, Marine x3  
  112  9:53  SCV x2  
  112  9:57  Marine  
  112  9:58  Supply Depot  
  115  10:00  Supply Depot  
  115  10:01  Supply Depot  
  115  10:06  SCV, Sensor Tower  
  115  10:07  SCV  
  117  10:19  Ghost  
  117  10:20  Ghost, Marine x3  
Show
View Real Time Build Order
Export as new Build Order

KaizKaiz Protoss - Winner!

Build Orders:  

Get SALT Encoding   

  12  0:01  Probe  
  13  0:14  Pylon  
  13  0:18  Probe  
  14  0:32  Probe (Chrono Boost)  
  15  0:35  Gateway  
  15  0:44  Probe (Chrono Boost)  
  15  0:46  Assimilator  
  16  0:51  Probe (Chrono Boost)  
  17  1:01  Probe (Chrono Boost)  
  18  1:08  Pylon  
  18  1:13  Probe (Chrono Boost)  
  19  1:20  Probe (Chrono Boost)  
  20  1:29  Cybernetics Core  
  20  1:31  Probe  
  21  1:35  Zealot (Chrono Boost)  
  23  1:43  Probe  
  24  2:01  Probe  
  25  2:11  Assimilator  
  25  2:14  Mothership Core  
  27  2:16  Gateway  
  27  2:17  Adept  
  27  2:18  Warp Gate  
  27  2:21  Gateway  
  29  2:30  Pylon  
  29  2:54  Nexus  
  29  3:03  Robotics Facility  
  28  3:16  Probe (Chrono Boost)  
  29  3:22  Adept  
  29  3:23  Adept  
  29  3:26  Probe (Chrono Boost)  
  34  3:33  Probe  
  35  3:37  Pylon  
  35  3:47  Probe  
  36  3:51  Observer (Chrono Boost)  
  41  3:55  Adept x2  
  41  3:58  Adept  
  41  4:02  Probe (Chrono Boost)  
  45  4:12  Probe x2 (Chrono Boost)  
  46  4:17  Observer (Chrono Boost)  
  47  4:26  Twilight Council  
  47  4:31  Probe (Chrono Boost)  
  49  4:33  Probe (Chrono Boost)  
  49  4:34  Observer  
  50  4:43  Probe (Chrono Boost)  
  52  4:47  Probe (Chrono Boost), Assimilator  
  52  4:49  Assimilator  
  52  4:50  Probe (Chrono Boost)  
  53  5:04  Gateway  
  53  5:08  Forge  
  53  5:10  Forge  
  43  5:33  Adept x3  
  43  5:34  Probe (Chrono Boost)  
  51  5:40  Probe (Chrono Boost)  
  51  5:43  Protoss Ground Weapons Level 1 (Chrono Boost)  
  51  5:47  Probe (Chrono Boost)  
  51  5:48  Gateway  
  51  5:49  Pylon  
  52  5:51  Protoss Ground Armor Level 1 (Chrono Boost)  
  50  6:10  Charge (Chrono Boost)  
  50  6:11  Zealot  
  50  6:12  Zealot x2  
  50  6:13  Probe (Chrono Boost)  
  58  6:18  Probe (Chrono Boost)  
  58  6:22  Probe (Chrono Boost)  
  60  6:27  Probe (Chrono Boost)  
  60  6:30  Probe (Chrono Boost)  
  61  6:39  Photon Cannon  
  63  6:41  Probe (Chrono Boost)  
  63  6:43  Probe (Chrono Boost)  
  63  6:46  Zealot x2  
  63  6:47  Photon Cannon  
  67  6:49  Probe  
  67  6:50  Pylon  
  67  6:54  Pylon  
  68  7:08  Probe x2  
  70  7:11  Zealot x2  
  70  7:12  Sentry x3  
  80  7:27  Probe x2, Nexus  
  82  7:38  Templar Archives  
  82  7:39  Probe, Protoss Ground Weapons Level 2  
  82  7:41  Pylon  
  82  7:43  Photon Cannon  
  75  7:53  Probe x2  
  77  7:59  Photon Cannon  
  77  8:05  Probe  
  78  8:15  Pylon  
  78  8:18  Pylon  
  78  8:19  Psionic Storm  
  78  8:23  Zealot x2  
  78  8:24  Zealot x3  
  86  8:31  Pylon  
  67  9:08  High Templar x2  
  67  9:09  High Templar x3  
  69  9:12  Pylon  
  67  9:20  Probe (Chrono Boost)  
  67  9:22  Probe x2 (Chrono Boost)  
  70  9:27  Archon x2  
  70  9:30  Probe (Chrono Boost)  
  73  9:32  Probe x2 (Chrono Boost)  
  73  9:39  Gateway  
  73  9:40  Gateway  
  73  9:42  Gateway, Zealot x3, Probe x2  
  73  9:43  Zealot x2  
  85  9:50  Photon Cannon  
  85  9:54  Mothership Core  
  85  9:58  High Templar  
  89  10:04  High Templar x3  
  89  10:05  High Templar  
  97  10:09  Archon  
  97  10:10  Archon  
  97  10:23  Probe (Chrono Boost)  
  97  10:27  Photon Cannon  
  100  10:28  Probe (Chrono Boost)  
  100  10:29  Probe (Chrono Boost)  
  100  10:33  Probe (Chrono Boost)  
  88  10:36  Probe (Chrono Boost)  
  88  10:39  Photon Cannon  
  74  10:48  Zealot  
  74  10:49  Zealot x4  
  80  11:10  Zealot x4  
  80  11:11  Zealot  
  85  11:12  High Templar x2  
Tags
 
Add a new tag
Caveats
  • Supply blocks, unpowered buildings, or Contaminate may cause inaccurate times.
  • Supply counts are checked every 10 seconds.